cohdb
Replays
Latest Replays
All Replays
Popular Replays
Top Player Replays
Match Explorer
How It Works
Community
CoH3 Stats
Reddit
Sign in to upload your games and track your stats! →
Sign in with Steam
Match 42782647
Unlisted
Match 42782647
Overview
Messages
Build Orders
End
Construct Barracks
Riflemen Squad
Riflemen Squad
Selects Advanced Infantry Battlegroup
Engineer Squad
Construct Weapon Support Center
Bazooka Squad
Construct Medical Station
Selects Convert to Ranger Squad
M1919 Machine Gun Team
Infantry Support Center
M1918 Browning Automatic Rifles
Convert to Ranger Squad
Selects Artillery Observers
Construct Motor Pool
Bazooka Squad
Advanced Logistics
Convert to Ranger Squad
Selects M2A1 105mm Howitzer Emplacement
101 Division
Tabaczany Baron
KELE
matrix4x4
迷茫的毛毛虫
Varathor
[CN]Shawn
Matraka
0
0
Comments
sign in to comment!
No comments posted yet!